 Dungeon Crawl Stone Soup version 0.25-a0-992-gca090100c3 (webtiles) character file.

Game seed: 17558158013510963057, levelgen mode: classic

130 Amnesiac the Chiller (level 4, -2/36 HPs)
             Began as a Deep Elf Ice Elementalist on May 10, 2020.
             Succumbed to kobold's curare-tipped dart
             ... in a sewer.
             The game lasted 00:04:04 (1087 turns).

Amnesiac the Chiller (Deep Elf Ice Elementalist)    Turns: 1087, Time: 00:04:05

Health: -2/36      AC: 22    Str:  5    XL:     4   Next: 90%
Magic:  9/12       EV:  2    Int: 21    God:
Gold:   68         SH:  0    Dex: 15    Spells: 1/12 levels left

rFire    . . .     SeeInvis .   n - +0 flail
rCold    . . .     Gourm    .   (no shield)
rNeg     + + +     Faith    .   (armour currently unavailable)
rPois    +         Spirit   .   (helmet currently unavailable)
rElec    .         Reflect  .   (cloak currently unavailable)
rCorr    .         Harm     .   (gloves currently unavailable)
MR       .....     NoTele   +   (boots currently unavailable)
Stlth    ++........             m - amulet of inaccuracy (curse)
HPRegen  0.12/turn              (no ring)
MPRegen  0.13/turn              (no ring)

@: mighty, lethally poisoned (-2 -> -41), tree-form, slowed, very slow
A: no striking features
a: no special abilities


You were in a sewer.
You were not hungry.
You were a tree.
You visited 1 branch of the dungeon, and saw 6 of its levels.
You also visited: Sewer.

You collected 68 gold pieces.

Inventory:

Hand Weapons
 n - a +0 flail (weapon)
Missiles
 d - 14 stones (quivered)
 e - 2 curare-tipped darts
 h - 49 sling bullets
 l - 15 poisoned darts
Armour
 a - a +0 robe (melded)
Jewellery
 m - a cursed amulet of inaccuracy (around neck)
Scrolls
 b - 2 scrolls of teleportation {!r}
 o - a scroll of fog {!r, unknown}
Potions
 g - a potion of mutation {!q, unknown}
 i - 3 potions of lignification {!q}
 j - a potion of might {!q}
 k - a potion of stabbing {!q, unknown}
 p - a potion of heal wounds {!q, unknown}
Comestibles
 c - 5 rations
 f - a chunk of flesh


   Skills:
 - Level 2.4 Dodging
 - Level 2.4 Stealth
 + Level 4.6 Spellcasting
 * Level 6.2 Ice Magic


You had one spell level left.
You knew the following spells:

 Your Spells              Type           Power        Failure   Level  Hunger
a - Freeze                Ice            ####         1%          1    None
b - Frozen Ramparts       Ice            ####..       2%          3    ##.....
c - Summon Ice Beast      Ice/Summ       ###.....     30%         4    ####...
z - Ozocubu's Armour      Chrm/Ice       ###.....     10%         3    ##.....

Your spell library contained the following spells:

 Spells                   Type           Power        Failure   Level  Hunger
 Hailstorm                Conj/Ice       ###.....     30%         4    ####...


Dungeon Overview and Level Annotations

Branches:
Dungeon (6/15)              Sewer (1/1)
 Temple: D:4-7

Altars:
Nemelex Xobeh
The Shining One

Shops:
D:4 *

Annotations:
D:4 2 transporters, exclusion: 2 worker ants


Message History

The kobold shouts! x3
The kobold throws a stone.
The stone closely misses you.
Found 4 murky brown potions.
There is an open door here.
Casting: Freeze (safe; 1% risk of failure)
Confirm with . or Enter, or press ? or * to list all spells.
Aiming: Freeze (safe; 1% risk of failure)
Press: ? - help, Shift-Dir - straight line, f - kobold
Aim: a kobold You freeze the kobold!
You kill the kobold!
The kobold throws a curare-tipped dart.
The curare-tipped dart hits you.
You are poisoned.
You have difficulty breathing.
You feel yourself slow down. The kobold barely misses you.
Casting: Freeze (safe; 1% risk of failure)
Confirm with . or Enter, or press ? or * to list all spells.
Aiming: Freeze (safe; 1% risk of failure)
Press: ? - help, Shift-Dir - straight line, f - kobold
Aim: a kobold, wielding a +0 club and quivering 4 stones You freeze the kobold.
The kobold is moderately wounded.
You feel sick.
The kobold throws a curare-tipped dart.
The curare-tipped dart hits you.
You are lethally poisoned!
You have difficulty breathing.
* * * LOW HITPOINT WARNING * * *
You feel as though you will be slow longer.
The kobold hits you with a +0 club.
* * * LOW HITPOINT WARNING * * *
The kobold throws a curare-tipped dart.
The curare-tipped dart hits you.
You are more poisoned.
You have difficulty breathing.
* * * LOW HITPOINT WARNING * * *
You feel as though you will be slow longer.
Casting: Freeze (safe; 1% risk of failure)
Confirm with . or Enter, or press ? or * to list all spells.
Aiming: Freeze (safe; 1% risk of failure)
Press: ? - help, Shift-Dir - straight line, f/p - kobold
Aim: a kobold, wielding a +0 club and quivering 4 stones (moderately wounded)
You freeze the kobold!
You kill the kobold!
* * * LOW HITPOINT WARNING * * *
You feel very sick.
The kobold throws a curare-tipped dart.
The curare-tipped dart closely misses you.
Casting: Freeze (safe; 1% risk of failure)
Confirm with . or Enter, or press ? or * to list all spells.
You can't see any susceptible monsters within range! (Use Z to cast anyway.) Really quaff
i - 4 white potions {!q}?
It was a potion of lignification {!q}.
You turn into a tree.
Your roots penetrate the ground.
* * * LOW HITPOINT WARNING * * *
You feel very sick.
The kobold throws a curare-tipped dart.
The curare-tipped dart barely misses you.
The kobold throws a curare-tipped dart.
The curare-tipped dart hits you.
You are more poisoned.
You feel as though you will be slow longer.
Some of the chunks of flesh in your inventory have rotted away.
Really quaff
j - 2 golden potions {!q}?
It was a potion of might {!q}.
You feel very mighty all of a sudden.
You die...

##....≈≈≈≈≈≈
#..÷.≈≈≈≈≈≈≈
#....≈≈≈≈≈≈≈
#...(≈≈≈≈≈≈≈
##..(≈≈≈≈≈≈≈
#...≈≈≈≈≈≈≈
#...≈≈≈≈≈≈≈
##..≈≈≈≈≈≈≈
##♣###≈≈≈≈
#.)...#≈≈≈≈
#.....# ≈≈
##.K.##
.....
#!.#.!# ###
### ≈≈≈ ≈≈≈


You could see a kobold.

Vanquished Creatures
  Jessica (D:3)
  A worker ant (D:5)
  3 gnolls (D:5)
  An adder (D:5)
  A river rat (Sewer)
  5 leopard geckos (D:5)
  An orc (D:5)
  2 giant cockroaches (D:5)
  A hobgoblin (D:1)
  5 kobolds (Sewer)
  A quokka (D:3)
  2 bats
  9 rats
33 creatures vanquished.

Notes
Turn   | Place    | Note
-------+----------+-------------------------------------------
     0 | D:1      | Amnesiac the Deep Elf Ice Elementalist began the quest for
                  | the Orb.
     0 | D:1      | Reached XP level 1. HP: 10/10 MP: 6/6
   152 | D:4      | Noticed a worker ant
   205 | D:4      | Found Bonym's General Store.
   214 | D:4      | Found a transporter.
   237 | D:4      | Found a sparkling altar of Nemelex Xobeh.
   353 | D:4      | Found a transporter.
   369 | D:4      | Noticed a worker ant
   431 | D:3      | Noticed Jessica
   443 | D:3      | Killed Jessica
   443 | D:3      | Reached skill level 5 in Ice Magic
   443 | D:3      | Reached XP level 2. HP: 15/15 MP: 4/8
   443 | D:3      | Reached XP level 3. HP: 19/19 MP: 5/10
   448 | D:3      | Learned a level 3 spell: Frozen Ramparts
   457 | D:3      | Learned a level 3 spell: Ozocubu's Armour
   524 | D:5      | Entered Level 5 of the Dungeon
   582 | D:5      | Found a glowing golden altar of the Shining One.
   741 | D:5      | Reached XP level 4. HP: 15/24 MP: 8/12
   776 | D:5      | Learned a level 4 spell: Summon Ice Beast
   782 | D:5      | Found a glowing drain.
   789 | D:5      | Reached skill level 6 in Ice Magic
   810 | Sewer    | Entered a sewer
  1087 | Sewer    | Succumbed to kobold's curare-tipped dart

Illustrated notes

Levels and vault maps discovered:
D:1:      evilmike_arrival_plus, layout_basic, kennysheep_decorative_pillar
D:2:      layout_loops_ring, minmay_tiny_reverse_x
D:3:      layout_loops_ring, serial_glass, glass_columns_a, glass_columns_a,
          glass_columns_a, item_on_display_a, item_on_display_a,
          minmay_strange_pillars, due_unseen_surprise, first_ration,
          kennysheep_jessica_study, uniq_terence
D:4:      gammafunk_cloud_chamber, layout_loops_ring, kennysheep_mini,
          minmay_temple_entry_offerings, serial_shops, shop,
          nemelex_xobeh_ov_fountains_minmay
D:5:      layout_loops_ring, nicolae_ru_the_path_less_chosen,
          gup_sewer_entry_pipe, tso_metal_star
D:6:      layout_loops_ring, water_maze_lemuel
Sewer:    sewer_minmay_treatment

Skill      XL: |  1  2  3  4 |
---------------+-------------+-----
Ice Magic      | 5 6 |  6.2
Spellcasting   | 4 |  4.6
Dodging        | |  2.4
Stealth        | |  2.4

Action                   |  1- 3 |  4- 6 || total
-------------------------+-------+-------++-------
Melee: Flail             |       |     9 ||     9
 Cast: Freeze            |    11 |    16 ||    27
       Frozen Ramparts   |     2 |     4 ||     6
  Use: Potion            |       |     2 ||     2
       Scroll            |       |     1 ||     1
  Eat: Chunk             |       |     1 ||     1
Armor: Robe              |     2 |     1 ||     3
Dodge: Dodged            |     5 |    16 ||    21

Table legend:
 A = Non-vault XP
 B = Vault XP
 C = Vault XP percentage of total XP
 D = Non-vault monster count
 E = Vault monster count
 F = Vault count percentage of total count
                 A         B        C        D         E       F
            +---------+---------+-------+---------+---------+-------
      Total |     100 |      87 |  46.5 |      11 |      22 |  66.7
            +---------+---------+-------+---------+---------+-------
        D:1 |       4 |       0 |   0.0 |       3 |       0 |   0.0
        D:2 |       2 |       0 |   0.0 |       2 |       0 |   0.0
        D:3 |       0 |      39 | 100.0 |       0 |       2 | 100.0
        D:5 |      94 |      19 |  16.8 |       6 |       7 |  53.8
      Sewer |       0 |      29 | 100.0 |       0 |      13 | 100.0
            +---------+---------+-------+---------+---------+-------
